 Dungeon Crawl Stone Soup version 0.16.1-11-g651b585 (webtiles) character file.

25 HollowCharge the Slasher (level 2, 0/19 HPs)
             Began as a High Elf Gladiator on Apr 2, 2015.
             Succumbed to a giant mite's poison
             ... on level 2 of the Dungeon.
             The game lasted 00:05:36 (1094 turns).

HollowCharge the Slasher (High Elf Gladiator)       Turns: 1094, Time: 00:05:36

Health: 0/19       AC:  8    Str: 14    XL:     2   Next: 86%
Magic:  3/3        EV: 12    Int: 11    God:
Gold:   54         SH:  0    Dex: 15    Spells: 0 memorised, 1 level left

rFire  . . .     SeeInvis .     a - +0 long sword
rCold  + . .     Clarity  .     h - +0 ring mail
rNeg   . . .     SustAb   .     (no shield)
rPois  .         Gourm    .     (helmet restricted)
rElec  .         Spirit   .     (no cloak)
rCorr  .         Warding  .     p - +2 pair of gloves
rMut   .         Stasis   .     (no boots)
MR     .....                    (no amulet)
Stlth  +.........               (no ring)
                                e - ring of ice

@: lethally poisoned (0 -> -5), not resistant to hostile enchantments, very
unstealthy
A: horns 1, deterioration 1, fire resistance 1, MP-powered wands 1
a: no special abilities


You were on level 2 of the Dungeon.
You were hungry.

You visited 1 branch of the dungeon, and saw 2 of its levels.

You collected 54 gold pieces.

Inventory:

Hand weapons
 a - a +0 long sword (weapon)
Missiles
 d - 3 throwing nets (quivered)
Armour
 c - a +0 helmet
 h - a +0 ring mail (worn)
 p - a +2 pair of gloves (worn)
Jewellery
 e - a ring of ice (left hand)
Scrolls
 b - a scroll of identify {unknown}
 i - a scroll of immolation {unknown}
 j - a scroll of enchant armour {unknown}
 k - a scroll of remove curse {unknown}
 m - a scroll of fog {unknown}
Comestibles
 f - 2 bread rations
 g - a meat ration
 q - a chunk of flesh


   Skills:
 + Level 2.2 Fighting
 * Level 4.4 Long Blades
 - Level 2.1 Throwing
 + Level 3.7 Dodging


You had one spell level left.
You didn't know any spells.

Dungeon Overview and Level Annotations

Branches:
Dungeon (2/15)

Altars:
Ashenzari
Fedhas
Nemelex Xobeh
Xom
The Shining One


Innate Abilities, Weirdness & Mutations

You have a pair of small horns on your head.
Your body is slowly deteriorating.
Your flesh is heat resistant.
You expend magic power (3 MP) to slightly strengthen your wands.


Message History

Anything else - Stay silent.
Okay, then.
There is a lethal amount of poison in your body!
There is a lethal amount of poison in your body!
There is a lethal amount of poison in your body!
There is a lethal amount of poison in your body!
There is a lethal amount of poison in your body!
There is a lethal amount of poison in your body!
There is a lethal amount of poison in your body!
* * * LOW HITPOINT WARNING * * *
You feel sick.
* * * LOW HITPOINT WARNING * * *
You feel sick.
* * * LOW HITPOINT WARNING * * *
You feel sick.
* * * LOW HITPOINT WARNING * * *
You feel sick.
* * * LOW HITPOINT WARNING * * *
You feel sick.
You die...

#..####.#####. #####.###
#†#####. . #####..†...(#
#....... ...............#
#....... #[..####..###...#
#.......
..........##.#..###.......
..........................
.........†.##.#†...........
#....!...@......._........
#...#!##......._..........
# # #####...........###
#.....8.._..# #............
#.#._.....#.# ......_..
##..(.... ###.#


There were no monsters in sight!

Vanquished Creatures
  A giant mite (D:2)
  3 ball pythons (D:1)
  2 bats
  A goblin (D:1)
  A hobgoblin (D:1)
  4 giant newts
  5 kobolds (D:1)
  4 rats
21 creatures vanquished.

Notes
Turn   | Place    | Note
--------------------------------------------------------------
     0 | D:1      | HollowCharge, the High Elf Gladiator, began the quest for the Orb.
     0 | D:1      | Reached XP level 1. HP: 14/14 MP: 2/2
   472 | D:1      | Reached skill level 4 in Long Blades
   472 | D:1      | Reached XP level 2. HP: 16/19 MP: 3/3
  1022 | D:2      | Found a shimmering altar of Xom.
  1022 | D:2      | Found a sparkling altar of Nemelex Xobeh.
  1022 | D:2      | Found a blossoming altar of Fedhas.
  1049 | D:2      | Found a glowing golden altar of the Shining One.
  1053 | D:2      | Found a shattered altar of Ashenzari.
  1077 | D:2      | Gained mutation: You have a pair of small horns on your head. [potion of beneficial mutation]
  1078 | D:2      | Gained mutation: Your flesh is heat resistant. [potion of mutation]
  1078 | D:2      | Gained mutation: Your body is slowly deteriorating. [potion of mutation]
  1078 | D:2      | Gained mutation: You expend magic power (3 MP) to slightly strengthen your wands. [potion of mutation]
  1094 | D:2      | Succumbed to a giant mite's poison

Action                   || total
-------------------------++-------
Melee: Long sword        ||    69
  Use: Potion            ||     3
